 Dungeon Crawl Stone Soup version 0.29-a0-297-g7659ce593d (console) character file.

Game seed: 4175849800538707960

23856 Ignak the Thaumaturge (level 13, -9/98 HPs)
             Began as a Gnoll Hedge Wizard on Mar 21, 2022.
             Was a High Priest of Sif Muna.
             Killed from afar by an orc sorcerer (35 damage)
             ... with a bolt of fire
             ... on level 2 of the Orcish Mines.
             The game lasted 01:55:35 (27956 turns).

Ignak the Thaumaturge (Gnoll Hedge Wizard)         Turns: 27956, Time: 01:55:35

Health: -9/98      AC: 11    Str: 11    XL:     13   Next: 9%
Magic:  7/27       EV: 32    Int: 23    God:    Sif Muna [*****.]
Gold:   142        SH:  0    Dex: 18    Spells: 3/33 levels left

rFire   . . .      SeeInvis .     - Unarmed
rCold   . . .      Faith    .   (shield currently unavailable)
rNeg    . . .      Spirit   .   p - +3 leather armour of the Shining Light {Drain +Blink rPois}
rPois   +          Reflect  .   T - +0 helmet
rElec   .          Harm     .   N - scarf {+Inv}
rCorr   .          Rampage  .   (gloves currently unavailable)
Will    .....                   r - +2 pair of boots
Stlth   +++++.....              t - amulet of the acrobat
HPRegen 0.26/turn               K - ring "Kotsamm" {Int+6 Stlth+}
MPRegen 0.20/turn               D - +6 ring of dexterity

@: swift, blade hands, acrobatic, very slightly contaminated, studying Ice
Magic, very quick
A: fangs 1, strong nose, distributed training
a: End Transformation, Renounce Religion, Evoke Blink, Evoke Invisibility,
Channel Magic, Forget Spell, Divine Exegesis


You were on level 2 of the Orcish Mines.
You worshipped Sif Muna.
Sif Muna was extremely pleased with you.
You had blades for hands.
You visited 3 branches of the dungeon, and saw 16 of its levels.
You also visited: Ice Cave.

You collected 1844 gold pieces.
You spent 1702 gold pieces at shops.

Inventory:

Hand Weapons
 a - a +2 scimitar of freezing
 b - the +4 arbalest "Wereh" (melded) {flame, rElec Will- rCorr Str-5}
   (You found it in an ice cave)

   Any ammunition fired from it burns those it strikes, dealing additional fire
   damage.
   Str:       It affects your strength (-5).
   rElec:     It insulates you from electricity.
   rCorr:     It protects you from acid and corrosion.
   Will:      It decreases your willpower.
 B - a +2 dagger of venom
 M - a +5 long sword
Missiles
 h - 40 poisoned darts (quivered)
 x - a throwing net
Armour
 c - a +1 buckler of protection
 g - a +0 kite shield
 p - the +3 leather armour of the Shining Light (worn) {Drain +Blink rPois}
   (You found it on level 8 of the Dungeon)

   rPois:     It protects you from poison.
   +Blink:    It lets you blink.
   Drain:     It drains your maximum health when unequipped.
 r - a +2 pair of boots (worn)
 v - +0 acid dragon scales
 I - +0 steam dragon scales
 L - a +0 troll leather armour
 N - a scarf of invisibility (worn)
 S - a +2 robe of the Archmagi
 T - a +0 helmet (worn)
Jewellery
 e - a ring of fire
 k - a ring of see invisible
 m - a ring of protection from fire
 s - a ring of positive energy
 t - an amulet of the acrobat (around neck)
 y - a +6 ring of intelligence
 A - a ring of willpower
 C - a ring of magical power
 D - a +6 ring of dexterity (right blade hand)
 G - a ring of protection from cold
 K - the ring "Kotsamm" (left blade hand) {Int+6 Stlth+}
   (You bought it in a shop on level 10 of the Dungeon)

   [ring of intelligence]

   Int:       It affects your intelligence (+6).
   Stlth:     It makes you more stealthy.
Wands
 o - a wand of iceblast (18)
 u - a wand of polymorph (1)
Scrolls
 i - 10 scrolls of identify
 q - 6 scrolls of teleportation
 w - a scroll of blinking
 z - a scroll of magic mapping
 J - 2 scrolls of fear
Potions
 d - 2 potions of magic
 j - 2 potions of curing
 l - a potion of degeneration
 E - 2 potions of cancellation
 F - a potion of lignification
 H - 2 potions of flight
 P - 3 potions of heal wounds
 R - a potion of haste
Miscellaneous
 n - a tin of tremorstones (inert)


   Skills:
 + Level 7.9 Fighting
 + Level 7.9 Short Blades
 + Level 7.9 Long Blades
 + Level 7.9 Axes
 + Level 7.9 Maces & Flails
 + Level 7.9 Polearms
 + Level 7.9 Staves
 + Level 7.9 Slings
 + Level 7.9 Bows
 + Level 7.9 Crossbows
 + Level 7.9 Throwing
 + Level 7.9 Armour
 + Level 9.2 Dodging
 + Level 9.1 Stealth
 + Level 7.9 Shields
 + Level 7.9 Unarmed Combat
 + Level 10.7 Spellcasting
 + Level 7.0 Conjurations
 + Level 6.6 Hexes
 + Level 7.0 Summonings
 + Level 6.6 Necromancy
 + Level 7.0 Translocations
 + Level 6.6 Transmutations
 + Level 6.6 Fire Magic
 + Level 6.9 Ice Magic
 + Level 6.6 Air Magic
 + Level 6.6 Earth Magic
 + Level 6.6 Poison Magic
 + Level 8.7 Invocations
 + Level 7.9 Evocations


You had 3 spell levels left.
You knew the following spells:

 Your Spells              Type           Power      Damage    Failure   Level
a - Magic Dart            Conj           100%       1d8       11%         1
b - Blink                 Tloc           88%        N/A       12%         2
c - Shock                 Conj/Air       100%       1d9       11%         1
d - Mephitic Cloud        Conj/Pois/Air  43%        N/A       17%         3
e - Call Imp              Summ           44%        N/A       12%         2
f - Airstrike             Air            21%        N/A       30%         4
g - Cause Fear            Hex            21%        N/A       30%         4
h - Swiftness             Air            42%        N/A       17%         3
i - Animate Skeleton      Necr           84%        N/A       11%         1
j - Summon Small Mammal   Summ           100%       N/A       11%         1
r - Conjure Flame         Conj/Fire      43%        6-21      17%         3
z - Blade Hands           Tmut           21%        N/A       50%         5

Your spell library contained the following spells:

 Spells                   Type           Power      Damage    Failure   Level
 Apportation              Tloc           88%        N/A       11%         1
 Slow                     Hex            100%       N/A       11%         1
 Inner Flame              Hex/Fire       42%        N/A       17%         3
 Passage of Golubria      Tloc           44%        N/A       28%         4
 Animate Armour           Summ/Erth      86%        N/A       30%         4
 Iron Shot                Conj/Erth      21%        9d5       88%         6
 Malign Gateway           Summ/Tloc      22%        N/A       100%        7
 Discord                  Hex            21%        N/A       100%        8
 Disjunction              Tloc           22%        N/A       100%        8


Dungeon Overview and Level Annotations

Branches:
Dungeon (13/15)            Temple (1/1) D:5            Lair (0/6) D:11
    Orc (2/2) D:10            Elf (0/3) Orc:2         IceCv (visited)
 Vaults: D:13-14

Altars:
Fedhas
Gozag
Hepliaklqana
Kikubaaqudgha
Makhleb
Nemelex Xobeh
Okawaru
Qazlal
Ru
Sif Muna
Trog
Vehumet
Xom
Yredelemnul
Zin
The Shining One
Beogh

Shops:
D:9 [   D:10 =   D:11 [   Orc:1 *([   Orc:2 ([!!!

Annotations:
D:3 2 transporters, feta's ghost, amateur GnIE
D:11 bgiannan's ghost, journeyman GrFi
Orc:2 1 runed translucent door, anet's ghost, journeyman MiBe


Innate Abilities, Weirdness & Mutations

You have blades for hands.
Your spellcasting is less reliable in this form.
You are incapable of wielding weapons or throwing items.
You have very sharp teeth.
Your uncanny sense of smell can sniff out nearby items.
Your experience applies equally to all skills.


Message History

You kill the red devil!
The red devil disappears in a puff of smoke!
The barbed spikes dig painfully into your body as you move.
The barbed spikes dig painfully into your body as you move.
The barbed spikes dig painfully into your body as you move.
The barbed spikes dig painfully into your body as you move.
The orange demon disappears in a puff of smoke!
Casting: Blade Hands (quite dangerous; 50% risk of failure)
Confirm with . or Enter, or press ? or * to list all spells.
Aiming: Shock (safe; 11% risk of failure)
Press: ? - help, Shift-Dir - straight line, f/p - orc sorcerer
Aim: an orc sorcerer, wielding a +0 dagger and wearing a +0 robe (moderately wounded, wandering, hasn't noticed you, 67% to hit)
You miscast Shock.
You are very lightly contaminated with residual magic.
Nothing appears to happen.
The orc sorcerer shouts!
You carefully extract the barbed spikes from your body.
The orc sorcerer casts a spell at you. The bolt of fire hits you!
* * * LOW HITPOINT WARNING * * *
As you read the scroll of fog, it crumbles to dust.
The scroll dissolves into smoke.
The orc sorcerer gestures at you while chanting.
The bolt of fire hits you!!
* * * LOW HITPOINT WARNING * * *
Casting: Shock (safe; 11% risk of failure)
Confirm with . or Enter, or press ? or * to list all spells.
You miscast Swiftness.
The wind whips around you!
* * * LOW HITPOINT WARNING * * *
Casting: Swiftness (dangerous; 17% risk of failure)
Confirm with . or Enter, or press ? or * to list all spells.
You feel quick.
You feel much better.
The orc sorcerer points at you and mumbles some strange words.
The bolt of fire misses you.
The orc sorcerer gestures at you while chanting.
The bolt of fire misses you. The orc sorcerer casts a spell at you.
The bolt of fire hits you!!
You die...

#,*,#.≈.#...)#.####...........#.8
#**,#.≈.#....### #............#..
*,#.≈.#....### ##.........#.##.
*###+##......# ####..........##
####§..........###...............
#.#§§..§........###...........###
...§§§....o......#...............
...§§§§§§#..........)....###.....
...§§§§§####....@...<...##.......
...§§§§###......[......#####.#...
....§### ###..#......### ###...
...### ########......# #####.....
..o.# ##.#.## ##...### #.........
..§####4.[..####..## ##..#####..
...)...o...>..##.## ##..##...##.
....#####......### #...')....#.
....#...#§.##.## ##...#.._..#.


You could see an orc sorcerer.

Vanquished Creatures
  Gastronok (D:10)
  2 boulder beetles
  A hydra (D:12)
  An anaconda (D:10)
  2 ugly things (IceCv)
  2 manticores
  2 cyclopes (D:12)
  2 orc sorcerers (Orc:2)
  3 ice statues (IceCv)
  3 kobold demonologists
  A komodo dragon (D:10)
  3 trolls
  A polar bear (D:11)
  A hornet (D:9)
  A shadow (D:12)
  2 dire elephant simulacra (IceCv)
  A wraith (D:11)
  2 vampires
  2 spriggans (D:11)
  22 yaks
  A wyvern (D:10)
  A death yak simulacrum (IceCv)
  4 steam dragons
  Grum (D:9)
  2 vampire mosquitoes (D:12)
  An acid dragon (D:8)
  4 water moccasins
  24 orc warriors
  4 sky beasts
  3 black bears
  4 ogres
  2 wolves
  7 centaurs
  7 kobold brigands (D:9)
  5 bullfrogs
  A scorpion (D:7)
  2 gnoll sergeants
  6 wights
  2 electric eels (D:10)
  3 howler monkeys
  15 orc priests
  6 hounds
  3 iguanas
  Ijyb (D:3)
  23 orc wizards
  9 gnolls
  8 adders
  A shadow imp (D:7)
  9 white imps
  An ufetubus (D:3)
  2 worms (D:6)
  2 dart slugs
  65 orcs
  10 ball pythons
  4 bats (D:2)
  6 endoplasms
  4 giant cockroaches
  9 goblins
  4 hobgoblins
  7 jackals
  4 quokkas
  5 frilled lizards
  9 kobolds
  4 rats
350 creatures vanquished.

Vanquished Creatures (collateral kills)
  Sigmund (D:3)
  An orc warrior (D:10)
  3 ogres (Orc:1)
  A wolf (D:9)
  A phantom (D:5)
  A kobold brigand (D:9)
  A bullfrog (D:7)
  A cane toad simulacrum (IceCv)
  2 wights (D:8)
  An elephant simulacrum (IceCv)
  2 orc wizards
  A polar bear simulacrum (IceCv)
  A wolf simulacrum (IceCv)
  2 gnolls (D:10)
  An adder (D:4)
  7 white imps (Orc:1)
  A dart slug (D:5)
  7 orcs
  An endoplasm (D:3)
  A hobgoblin (D:1)
  A kobold (D:2)
  A quokka (D:5)
  2 ball pythons (D:2)
  A rat (D:2)
42 creatures vanquished.

Vanquished Creatures (others)
  A polar bear simulacrum (IceCv)
  2 orcs (D:8)
  43 fungi (D:11)
  42 plants (D:11)
88 creatures vanquished.

Grand Total: 480 creatures vanquished

Notes
Turn   | Place    | Note
-------+----------+-------------------------------------------
     0 | D:1      | Ignak the Gnoll Hedge Wizard began the quest for the Orb.
     0 | D:1      | Reached XP level 1. HP: 13/13 MP: 8/8
   216 | D:1      | Reached XP level 2. HP: 19/19 MP: 1/10
   596 | D:1      | Learned a level 2 spell: Blink
   599 | D:1      | Learned a level 2 spell: Call Imp
  1030 | D:1      | Found a faded altar of an unknown god.
  1391 | D:2      | Reached XP level 3. HP: 14/25 MP: 9/11
  1408 | D:2      | Learned a level 3 spell: Mephitic Cloud
  1647 | D:2      | Found a basalt altar of Yredelemnul.
  1858 | D:2      | Reached skill level 1 in Invocations
  2275 | D:2      | Reached skill level 1 in Fighting
  2275 | D:2      | Reached skill level 1 in Short Blades
  2275 | D:2      | Reached skill level 1 in Long Blades
  2275 | D:2      | Reached skill level 1 in Axes
  2275 | D:2      | Reached skill level 1 in Maces & Flails
  2275 | D:2      | Reached skill level 1 in Polearms
  2275 | D:2      | Reached skill level 1 in Staves
  2275 | D:2      | Reached skill level 1 in Slings
  2275 | D:2      | Reached skill level 1 in Bows
  2275 | D:2      | Reached skill level 1 in Crossbows
  2275 | D:2      | Reached skill level 1 in Throwing
  2275 | D:2      | Reached skill level 1 in Armour
  2275 | D:2      | Reached skill level 1 in Shields
  2275 | D:2      | Reached skill level 1 in Unarmed Combat
  2275 | D:2      | Reached skill level 1 in Evocations
  2414 | D:2      | Reached XP level 4. HP: 32/32 MP: 13/13
  2674 | D:3      | You fall into a shaft and drop 3 floors!
  2718 | D:5      | Entered Level 5 of the Dungeon
  2732 | D:4      | Reached skill level 1 in Hexes
  2732 | D:4      | Reached skill level 1 in Necromancy
  2732 | D:4      | Reached skill level 1 in Transmutations
  2732 | D:4      | Reached skill level 1 in Fire Magic
  2732 | D:4      | Reached skill level 1 in Ice Magic
  2732 | D:4      | Reached skill level 1 in Air Magic
  2732 | D:4      | Reached skill level 1 in Earth Magic
  2732 | D:4      | Reached skill level 1 in Poison Magic
  3073 | D:3      | Noticed Sigmund
  3191 | D:3      | Killed Sigmund
  3192 | D:3      | Reached XP level 5. HP: 21/38 MP: 0/14
  3192 | D:3      | Reached XP level 6. HP: 25/44 MP: 0/16
  3327 | D:3      | Found a transporter.
  3329 | D:3      | Noticed feta's ghost (amateur GnIE)
  3631 | D:3      | Learned a level 3 spell: Swiftness
  3656 | D:3      | Reached skill level 5 in Dodging
  3872 | D:3      | Noticed Ijyb
  3889 | D:3      | Killed Ijyb
  4320 | D:3      | Found a transporter.
  4360 | D:4      | Reached XP level 7. HP: 44/50 MP: 15/18
  5662 | D:5      | Reached skill level 5 in Stealth
  6481 | D:5      | Reached XP level 8. HP: 42/57 MP: 15/19
  6752 | D:5      | Found a hazy altar of Hepliaklqana.
  6778 | D:5      | Learned a level 1 spell: Animate Skeleton
  6984 | D:5      | Found a bloodstained altar of Trog.
  7173 | D:5      | Found a staircase to the Ecumenical Temple.
  7188 | Temple   | Entered the Ecumenical Temple
  7449 | Temple   | Became a worshipper of Sif Muna the Loreminder
  8148 | D:6      | Reached skill level 8 in Spellcasting
  8340 | D:6      | Found an ancient bone altar of Kikubaaqudgha.
  8920 | D:6      | Reached XP level 9. HP: 59/65 MP: 12/21
  9062 | D:6      | Reached * piety under Sif Muna
  9496 | D:7      | Noticed a manticore
  9623 | D:7      | Killed a manticore
 10653 | D:8      | Reached skill level 5 in Invocations
 11310 | D:8      | Reached XP level 10. HP: 64/73 MP: 22/22
 11315 | D:8      | Identified the +3 leather armour of the Shining Light
                  | {Drain +Blink rPois}
 11424 | D:7      | Learned a level 4 spell: Airstrike
 11429 | D:7      | Learned a level 4 spell: Cause Fear
 11832 | D:8      | Reached ** piety under Sif Muna
 11833 | D:8      | Reached skill level 5 in Fighting
 11833 | D:8      | Reached skill level 5 in Short Blades
 11833 | D:8      | Reached skill level 5 in Long Blades
 11833 | D:8      | Reached skill level 5 in Axes
 11833 | D:8      | Reached skill level 5 in Maces & Flails
 11833 | D:8      | Reached skill level 5 in Polearms
 11833 | D:8      | Reached skill level 5 in Staves
 11833 | D:8      | Reached skill level 5 in Slings
 11833 | D:8      | Reached skill level 5 in Bows
 11833 | D:8      | Reached skill level 5 in Crossbows
 11833 | D:8      | Reached skill level 5 in Throwing
 11833 | D:8      | Reached skill level 5 in Armour
 11833 | D:8      | Reached skill level 5 in Shields
 11833 | D:8      | Reached skill level 5 in Unarmed Combat
 11833 | D:8      | Reached skill level 5 in Evocations
 12294 | D:9      | Found Agirre's Armour Shoppe.
 12333 | D:9      | Noticed a kobold demonologist
 12335 | D:9      | Noticed a sun demon
 12579 | D:9      | Killed a kobold demonologist
 12683 | D:9      | Reached skill level 9 in Spellcasting
 12748 | D:9      | Found an iron altar of Okawaru.
 13028 | D:9      | Noticed Grum
 13045 | D:9      | Killed Grum
 13046 | D:9      | Reached skill level 5 in Conjurations
 13046 | D:9      | Reached skill level 5 in Summonings
 13046 | D:9      | Reached skill level 5 in Translocations
 13300 | D:9      | Noticed a boulder beetle
 13713 | D:10     | Entered Level 10 of the Dungeon
 13867 | D:10     | Noticed Gastronok
 14327 | D:10     | Noticed a kobold demonologist
 14328 | D:10     | Noticed a kobold demonologist
 14332 | D:10     | Killed a kobold demonologist
 14364 | D:10     | Killed a kobold demonologist
 14639 | D:10     | Reached XP level 11. HP: 65/81 MP: 15/24
 14976 | D:10     | Reached *** piety under Sif Muna
 15073 | D:10     | Found a staircase to the Orcish Mines.
 15207 | D:10     | Found Fassoom's One-of-a-Kind Rings.
 15215 | D:10     | Reached skill level 5 in Hexes
 15215 | D:10     | Reached skill level 5 in Necromancy
 15215 | D:10     | Reached skill level 5 in Transmutations
 15215 | D:10     | Reached skill level 5 in Fire Magic
 15215 | D:10     | Reached skill level 5 in Ice Magic
 15215 | D:10     | Reached skill level 5 in Air Magic
 15215 | D:10     | Reached skill level 5 in Earth Magic
 15215 | D:10     | Reached skill level 5 in Poison Magic
 15609 | D:10     | Found a sparkling altar of Nemelex Xobeh.
 15609 | D:10     | Found a basalt altar of Yredelemnul.
 15649 | D:10     | Killed Gastronok
 17142 | D:11     | Found Hesynt's Antique Armour Emporium.
 17166 | D:11     | Noticed a seven-headed hydra
 17166 | D:11     | Noticed a manticore
 17189 | D:10     | Bought the ring "Kotsamm" {Int+6 Stlth+} for 751 gold
                  | pieces
 17691 | D:11     | Noticed a death knight
 17995 | D:9      | Killed a boulder beetle
 18370 | D:10     | Noticed an anaconda
 18370 | D:10     | a death knight changed into an anaconda
 18384 | D:10     | Killed an anaconda
 18385 | D:10     | Reached skill level 10 in Spellcasting
 18536 | D:11     | Reached XP level 12. HP: 88/89 MP: 22/26
 18626 | D:11     | Found a staircase to the Lair.
 19257 | D:11     | Found a runed translucent door.
 19259 | D:11     | Noticed bgiannan's ghost (journeyman GrFi)
 19260 | D:11     | Identified the +3 spear "Plog" {vamp, Str+7 Int+2}
 19675 | D:10     | Learned a level 3 spell: Conjure Flame
 20541 | D:12     | Noticed a five-headed hydra
 20569 | D:12     | Killed a five-headed hydra
 21184 | D:12     | Noticed a boulder beetle
 21210 | D:12     | Killed a boulder beetle
 21210 | D:12     | Reached **** piety under Sif Muna
 21782 | D:13     | Noticed a centaur warrior
 22659 | Orc:1    | Entered Level 1 of the Orcish Mines
 22674 | Orc:1    | Found Ufossuix's Armour Boutique.
 22794 | Orc:1    | Bought a scarf of invisibility for 168 gold pieces
 22847 | Orc:2    | Entered Level 2 of the Orcish Mines
 22874 | Orc:1    | Found Fohesch's Weapon Emporium.
 22874 | Orc:1    | Found a frozen archway.
 22881 | IceCv    | Entered an ice cave
 23485 | IceCv    | HP: 1/71 [shot self (10)]
 23819 | IceCv    | Learned a level 1 spell: Shock
 23828 | IceCv    | Learned a level 5 spell: Blade Hands
 24360 | IceCv    | Learned a level 1 spell: Summon Small Mammal
 26031 | IceCv    | Identified the +4 arbalest "Wereh" {flame, rElec Will-
                  | rCorr Str-5}
 26093 | Orc:1    | Found Ninung's General Store.
 26642 | Orc:2    | Reached ***** piety under Sif Muna
 26656 | Orc:2    | Found a runed translucent door.
 26661 | Orc:2    | Noticed anet's ghost (journeyman MiBe)
 26677 | Orc:2    | Found a staircase to the Elven Halls.
 26682 | Orc:2    | Found Restrausk's Distillery.
 26689 | Orc:2    | Bought a potion of heal wounds for 85 gold pieces
 26689 | Orc:2    | Bought a potion of heal wounds for 85 gold pieces
 26689 | Orc:2    | Bought a potion of haste for 170 gold pieces
 26978 | Orc:2    | Found Urrum's Distillery.
 27032 | Orc:2    | Found Ugeres's Antique Weapon Emporium.
 27136 | Orc:2    | Paralysed by an orc sorcerer for 6 turns
 27171 | Orc:2    | Found Elureh's Antique Armour Shop.
 27178 | Orc:2    | Bought a helmet for 121 gold pieces
 27246 | Orc:2    | Bought a glowing buckler for 202 gold pieces
 27329 | Orc:2    | Reached XP level 13. HP: 93/94 MP: 27/27
 27510 | Orc:2    | Found Mutruupp's Distillery.
 27580 | Orc:2    | Bought 2 potions of heal wounds for 120 gold pieces
 27904 | Orc:2    | Received a gift from Sif Muna
 27907 | Orc:2    | Got Sif Muna's Volume of Orientation {god gift}
 27926 | Orc:2    | Paralysed by an orc sorcerer for 5 turns
 27944 | Orc:2    | HP: 1/98 [something (7)]
 27956 | Orc:2    | Killed from afar by an orc sorcerer

Illustrated notes

Levels and vault maps discovered:
D:1:      psy_arrival_radial02, layout_basic,
          ebering_ecumenical_altar_sacrificial
D:2:      layout_basic, basic_altar, st_stairs_1, kennysheep_generic_room_5
D:3:      layout_basic, gammafunk_ghost_mausoleum, uniq_sigmund, uniq_ijyb
D:4:      layout_basic
D:5:      layout_gridville, chequers_temple_overflow_statue_of_worship,
          minmay_temple_entry_statues_pillars
D:6:      layout_loops_corners, mainiacjoe_overflow_six_doors_small,
          cheibrodos_sewer_entry_bend
D:7:      layout_rooms
D:8:      layout_loops_ring
D:9:      layout_loops_ring, okawaru_gym_becter, serial_shops, kennysheep_mini,
          special_room [special_room_kobold], uniq_grum
D:10:     layout_cave_pods, gammafunk_temple_overflow_elements, erik_orc_2,
          nicolae_shop_unique_rings, uniq_gastronok
D:11:     minmay_angry_zag, layout_rooms, due_lair_maze_entry_diamond,
          serial_shops, shop_coins, ebering_ghost_funeral_grove
D:12:     layout_loops_corners
D:13:     layout_loops_cross, david_vaults_4, serial_shops, nicolae_square_shop
Temple:   nicolae_temple_elliptical
Orc:1:    layout_caves, serial_shops, nicolae_shop_behind_doors,
          nicolae_shop_hallway_plus, nicolae_shop_waterfront, basic_altar,
          portal_ice_cave_entry_imps
Orc:2:    grunt_orc_community_town_hall, layout_diamond_mine,
          grunt_orc_community_big_house_2, grunt_orc_community_big_house_1,
          grunt_orc_community_house_3, grunt_orc_community_house_3,
          grunt_orc_community_house_1, grunt_orc_community_house_2,
          ebering_ghost_reflecting_pool, basic_altar, serial_shops, shop,
          shop_fountains, nicolae_shop_advertising_works
          [nicolae_subvault_shop_adworks]

Skill      XL: |  1  2  3  4  5  6  7  8  9 10 11 12 13 |
---------------+----------------------------------------+-----
Conjurations   | 2 3 4 5 6 7 |  7.0
Summonings     | 2 3 4 5 6 7 |  7.0
Translocations | 2 3 4 5 6 7 |  7.0
Invocations    | 1 2 3 4 5 6 7 8 |  8.7
Fighting       | 1 2 3 4 5 6 7 |  7.9
Short Blades   | 1 2 3 4 5 6 7 |  7.9
Long Blades    | 1 2 3 4 5 6 7 |  7.9
Axes           | 1 2 3 4 5 6 7 |  7.9
Maces & Flails | 1 2 3 4 5 6 7 |  7.9
Polearms       | 1 2 3 4 5 6 7 |  7.9
Staves         | 1 2 3 4 5 6 7 |  7.9
Slings         | 1 2 3 4 5 6 7 |  7.9
Bows           | 1 2 3 4 5 6 7 |  7.9
Crossbows      | 1 2 3 4 5 6 7 |  7.9
Throwing       | 1 2 3 4 5 6 7 |  7.9
Armour         | 1 2 3 4 5 6 7 |  7.9
Shields        | 1 2 3 4 5 6 7 |  7.9
Unarmed Combat | 1 2 3 4 5 6 7 |  7.9
Evocations     | 1 2 3 4 5 6 7 |  7.9
Hexes          | 1 2 3 4 5 6 |  6.6
Necromancy     | 1 2 3 4 5 6 |  6.6
Transmutations | 1 2 3 4 5 6 |  6.6
Fire Magic     | 1 2 3 4 5 6 |  6.6
Ice Magic      | 1 2 3 4 5 6 |  6.9
Air Magic      | 1 2 3 4 5 6 |  6.6
Earth Magic    | 1 2 3 4 5 6 |  6.6
Poison Magic   | 1 2 3 4 5 6 |  6.6
Dodging        | 5 6 7 8 9 |  9.2
Stealth        | 5 6 7 8 9 |  9.1
Spellcasting   | 8 9 10 | 10.7

Action                   |  1- 3 |  4- 6 |  7- 9 | 10-12 | 13-15 || total
-------------------------+-------+-------+-------+-------+-------++-------
Melee: War axe           |    40 |       |       |       |       ||    40
       Bite              |     3 |     8 |    41 |   141 |       ||   193
       Punch             |     1 |       |       |     2 |     3 ||     6
       Dagger            |    11 |    73 |   300 |    61 |       ||   445
       Rapier            |     9 |       |       |       |       ||     9
       Long sword        |       |       |    27 |   115 |       ||   142
       Short sword       |       |       |       |   284 |       ||   284
       Spear             |       |       |       |   202 |       ||   202
       Unarmed           |       |       |       |    63 |     9 ||    72
       Falchion          |       |       |       |    25 |       ||    25
       Scimitar          |       |       |       |       |     9 ||     9
       Arbalest          |       |       |       |       |     1 ||     1
 Fire: Arbalest          |       |       |       |    39 |    53 ||    92
Throw: Dart              |       |       |       |    17 |       ||    17
 Cast: Magic Dart        |    52 |    12 |    52 |    55 |       ||   171
       Call Imp          |     5 |    10 |    38 |    77 |     1 ||   131
       Mephitic Cloud    |       |     4 |    32 |   116 |    13 ||   165
       Swiftness         |       |       |     1 |     1 |     1 ||     3
       Animate Skeleton  |       |       |     6 |    21 |     2 ||    29
       Blink             |       |       |     5 |    36 |       ||    41
       Airstrike         |       |       |       |    23 |       ||    23
       Cause Fear        |       |       |       |     1 |       ||     1
       Conjure Flame     |       |       |       |    30 |     6 ||    36
       Shock             |       |       |       |    27 |       ||    27
       Summon Small Mamm |       |       |       |    12 |       ||    12
       Blade Hands       |       |       |       |     8 |     2 ||    10
Invok: Channel Magic     |       |       |       |     2 |       ||     2
 Abil: Evoke Invisibilit |       |       |       |     2 |       ||     2
Evoke: Wand              |       |       |     5 |    27 |       ||    32
       Tin of tremorston |       |       |       |     3 |       ||     3
  Use: Potion            |     1 |       |     6 |     3 |     2 ||    12
       Scroll            |       |     4 |     6 |    15 |     1 ||    26
 Stab: Sleeping          |     1 |     5 |     9 |    10 |       ||    25
       Confused          |       |     3 |    10 |    48 |     2 ||    63
       Distracted        |       |       |     1 |     3 |       ||     4
       Paralysed         |       |       |       |     1 |       ||     1
Armor: Robe              |    19 |     2 |    10 |       |       ||    31
       Leather armour    |       |       |    10 |   162 |    11 ||   183
       Steam dragon scal |       |       |    13 |       |       ||    13
       Skin              |       |       |       |       |    17 ||    17
Dodge: Dodged            |    58 |    28 |   190 |   408 |    86 ||   770
Block: Buckler           |       |    11 |    71 |    94 |       ||   176
       Kite shield       |       |       |       |   165 |       ||   165

Table legend: (Time is in decaauts)
 A = Elapsed time spent in this place.
 B = Non-inter-level travel time spent in this place.
 C = Inter-level travel time spent in this place.
 D = Time resting spent in this place.
 E = Time spent auto-exploring this place.
 F = Levels seen in this place.
 G = Mean time per level.
                   A        B        C        D        E       F      G
               +--------+--------+--------+--------+--------+-----+--------+
         Total |  27980 |  27596 |    384 |  11184 |   7230 |  17 | 1645.9 |
       Dungeon |  22274 |  21890 |    384 |   8666 |   6197 |  13 | 1713.4 |
        Temple |    386 |    386 |      0 |    100 |    243 |   1 |  386.0 |
  Orcish Mines |   2137 |   2137 |      0 |    165 |    790 |   2 | 1068.5 |
      Ice Cave |   3181 |   3181 |      0 |   2253 |      0 |   1 | 3181.0 |
               +--------+--------+--------+--------+--------+-----+--------+

Top non-repeatable levels by time:
    D:10: 4109 daAuts
   IceCv: 3181 daAuts
     D:9: 2273 daAuts
    D:11: 2176 daAuts
     D:5: 1964 daAuts
    D:12: 1713 daAuts
     D:4: 1650 daAuts
     D:8: 1480 daAuts
     D:1: 1395 daAuts
     D:3: 1392 daAuts
     D:6: 1386 daAuts
     D:7: 1383 daAuts
     D:2: 1303 daAuts
   Orc:2: 1252 daAuts
   Orc:1: 885 daAuts
